 Dungeon Crawl Stone Soup version 0.27-a0-155-g177a798329 (webtiles) character file.

Game seed: 7408405736858068172

4505 sanka the Cleaver (level 10, -3/94 HPs)
             Began as a Palentonga Abyssal Knight on Jan 27, 2021.
             Was an Elder of Lugonu.
             Slain by Erolcha
             ... wielding a +0 giant spiked club
              (13 damage)
             ... on level 9 of the Dungeon.
             The game lasted 00:14:41 (11001 turns).

sanka the Cleaver (Palentonga Abyssal Knight)      Turns: 11001, Time: 00:14:41

Health: -3/94      AC: 21    Str: 18    XL:     10   Next: 16%
Magic:  24/24      EV:  6    Int: 18    God:    Lugonu [****..]
Gold:   532        SH:  3    Dex: 11    Spells: 9/9 levels left

rFire    . . .     SeeInvis +   a - +0 broad axe
rCold    . . .     Faith    .   H - +0 buckler
rNeg     . . .     Spirit   .   v - +6 scale mail of Negligence {*Contam rElec Int+6 Stlth+}
rPois    .         Reflect  .   (no helmet)
rElec    +         Harm     .   p - +0 cloak
rCorr    .         Rampage  .   f - +0 pair of gloves
Will     .....                  (no barding)
Stlth    +.........             A - amulet of the acrobat
HPRegen  0.25/turn              (no ring)
MPRegen  0.19/turn              E - ring of magical power

@: curled up
A: large, rugged brown scales 3, see invisible, deformed body, roll 1, armoured
tail, reflexive curl
a: Rolling Charge, Renounce Religion, Depart the Abyss, Bend Space, Banish,
Corrupt


You were on level 9 of the Dungeon.
You worshipped Lugonu.
Lugonu was greatly pleased with you.
You visited 1 branch of the dungeon, and saw 9 of its levels.
You visited the Abyss 1 time.

You collected 617 gold pieces.
You spent 85 gold pieces at shops.


Innate Abilities, Weirdness & Mutations

You are completely covered in rugged brown scales. (AC +3, +7% HP)
You have supernaturally acute eyesight. (SInv)
Armour fits poorly on your strangely shaped body.
You can roll at nearby foes to attack.
You have a long armoured tail.
You curl defensively after being hit.


   Skills:
 + Level 7.6 Fighting
 * Level 11.4 Axes
 - Level 1.5 Armour
 - Level 0.7 Dodging
 + Level 7.3 Invocations


You had 9 spell levels left.
You didn't know any spells.
Your spell library was empty.

Inventory:

Hand Weapons
 a - a +0 broad axe (weapon)
Missiles
 w - 3 throwing nets {=f}
Armour
 f - a +0 pair of gloves (worn)
 p - a +0 cloak (worn)
 v - the +6 scale mail of Negligence (worn) {*Contam rElec Int+6 Stlth+}

   It affects your intelligence (+6).
   It insulates you from electricity.
   It causes magical contamination when unequipped.
   It makes you more stealthy.
 C - a scarf of invisibility
 H - a +0 buckler (worn)
Jewellery
 A - an amulet of the acrobat (around neck)
 E - a ring of magical power (right hand)
Wands
 r - a wand of flame (26)
 x - a wand of acid (3)
 y - a wand of mindburst (12)
 B - a wand of random effects (21)
Scrolls
 c - 2 scrolls of blinking
 d - 3 scrolls of remove curse
 g - 3 scrolls of fog
 m - 2 scrolls of amnesia
 n - 4 scrolls of teleportation {@r4}
 o - 4 scrolls of fear
 q - a scroll of enchant armour
 t - a scroll of immolation {!r}
 u - 2 scrolls of enchant weapon
 F - 2 scrolls of noise {unknown}
 G - a scroll of magic mapping {unknown}
Potions
 b - a potion of attraction {unknown}
 e - a potion of haste {unknown}
 h - 2 potions of cancellation
 i - a potion of magic {unknown}
 j - a potion of berserk rage {!q}
 k - a potion of ambrosia {unknown}
 l - 2 potions of heal wounds {unknown}
 s - 2 potions of resistance {unknown}
 z - 2 potions of curing {@q1}
 D - 2 potions of mutation {unknown}

Dungeon Overview and Level Annotations

Branches:
Dungeon (9/15)             Temple (0/1) D:4
   Lair: D:8-11         Orc: D:9-12

Altars:
Cheibriados
Dithmenos
Elyvilon
Fedhas
Makhleb
Okawaru
Qazlal
Sif Muna
Vehumet
Xom
Zin
The Shining One

Shops:
D:6 *

Annotations:
D:9 Erolcha

......... ▒......▒ .........
▒......+ ▒......▒ ▒....£.▒
+......▒ ▒......▒ ▒.<....▒
.... ▒......▒ ▒......▒ .....
▒.(....▒ ▒......▒ ......
......▒ ▒......▒▒▒
.5...▒▒▒..O▒ ▒.........
▒.......H.▒▒...▒.........
▒....▒.▒.......▒.........
▒...▒###▒.[....▒.........
▒..▒.▒#▒#▒.....▒.........
▒...######.....▒.........
▒..▒#▒#▒#▒.....+.........
...▒...▒###▒#.....▒........(
▒......▒#▒▒.▒▒+▒▒▒.........
..▒▒▒▒▒▒▒#▒▒.▒▒...▒.........


You could see Erolcha (fast).


Message History

Erolcha barely misses you.
Unknown command.
You barely miss Erolcha.
Erolcha is heavily wounded.
Erolcha barely misses you.
Unknown command.
You barely miss Erolcha.
Erolcha is heavily wounded.
Erolcha casts a spell at you. The crystal spear hits you!!
* * * LOW HITPOINT WARNING * * *
Unknown command.
You hit Erolcha but do no damage.
Erolcha is heavily wounded.
You slash the white imp!
You kill the white imp!
Lugonu accepts your kill.
Erolcha hits you with a +0 giant spiked club!
* * * LOW HITPOINT WARNING * * *
Erolcha hits you with a +0 giant spiked club!
* * * LOW HITPOINT WARNING * * *
You barely miss Erolcha.
Erolcha is heavily wounded.
Erolcha hits you but does no damage.
Unknown command.
Unknown command.
You slash Erolcha!
Erolcha is severely wounded.
Erolcha hits you with a +0 giant spiked club!
You die...

Action                   |  1- 3 |  4- 6 |  7- 9 | 10-12 || total
-------------------------+-------+-------+-------+-------++-------
Melee: Hand axe          |   129 |    98 |       |       ||   227
       Tailslap          |    13 |    15 |    48 |     8 ||    84
       War axe           |       |    61 |   159 |       ||   220
       Broad axe         |       |       |   133 |    39 ||   172
Invok: Bend Space        |       |       |     1 |       ||     1
       Banish            |       |       |       |     1 ||     1
 Abil: Rolling Charge    |    14 |     1 |     9 |     2 ||    26
Evoke: Wand              |       |     3 |       |       ||     3
  Use: Potion            |       |     4 |     1 |       ||     5
       Scroll            |       |       |     1 |     9 ||    10
Armor: Leather armour    |    64 |    49 |     8 |       ||   121
       Scale mail        |       |       |   204 |    16 ||   220
Dodge: Dodged            |    68 |    86 |   120 |    16 ||   290

Levels and vault maps discovered:
D:1:      onia_arrival_mini_spirals, layout_basic
D:2:      layout_loops_cross, xom_teletrap_fun
D:3:      layout_basic, grunt_temple_overflow_open, solitary_fountain,
          small_statue_intersection, kennysheep_donut, minmay_misc_feat_tower
D:4:      layout_cave_pods, minmay_temple_entry_sparse_star
D:5:      layout_loops_ring
D:6:      layout_basic, kennysheep_little_box, lemuel_coloured_pillars_altar,
          serial_shops, nicolae_shop_trees, lexackson_kobold_supper,
          uniq_menkaure
D:7:      minmay_skewed_foursquare, layout_basic,
          nicolae_overflow_crystal_walls, hellmonk_ghost_happy_afterlife,
          minivault_22, uniq_harold
D:8:      hangedman_cross_stitches, layout_gridville,
          wad_floor_pattern_untrapped
D:9:      layout_gridville, gammafunk_temple_overflow_pools, dpeg_oklobed_lair,
          grunt_dithmenos_smoke_and_mirrors, uniq_erolcha

Notes
Turn   | Place    | Note
-------+----------+-------------------------------------------
     0 | Abyss:1  | sanka the Palentonga Abyssal Knight began the quest for the
                  | Orb.
     0 | Abyss:1  | Reached XP level 1. HP: 20/20 MP: 2/2
    32 | D:1      | Escaped the Abyss
   137 | D:1      | Reached XP level 2. HP: 27/27 MP: 3/3
   174 | D:1      | Reached skill level 3 in Axes
   875 | D:1      | Reached ** piety under Lugonu
   876 | D:1      | Reached XP level 3. HP: 33/33 MP: 4/4
  1551 | D:2      | Reached skill level 4 in Axes
  1891 | D:2      | Found a shimmering altar of Xom.
  1918 | D:2      | Reached XP level 4. HP: 31/40 MP: 5/5
  2564 | D:3      | Found a glowing golden altar of the Shining One.
  2564 | D:3      | Found a shadowy altar of Dithmenos.
  2565 | D:3      | Found a blossoming altar of Fedhas.
  2690 | D:3      | Found a stormy altar of Qazlal.
  2690 | D:3      | Found a glowing silver altar of Zin.
  2691 | D:3      | Found a snail-covered altar of Cheibriados.
  2917 | D:2      | Reached skill level 5 in Axes
  3014 | D:3      | Reached XP level 5. HP: 44/48 MP: 6/6
  3017 | D:3      | Reached *** piety under Lugonu
  3545 | D:4      | Found a staircase to the Ecumenical Temple.
  4064 | D:4      | Reached skill level 6 in Axes
  4486 | D:5      | Entered Level 5 of the Dungeon
  4572 | D:5      | Reached XP level 6. HP: 22/54 MP: 7/7
  4590 | D:5      | HP: 2/54 [worker ant (7)]
  5537 | D:5      | Reached skill level 7 in Axes
  5625 | D:5      | Reached skill level 4 in Fighting
  5625 | D:5      | Gained mutation: You curl defensively after being hit.
                  | [Palentonga growth]
  5625 | D:5      | Reached XP level 7. HP: 47/63 MP: 8/8
  5785 | D:5      | Got a sapphire-encrusted scale mail
  5796 | D:5      | Identified the +6 scale mail of Negligence {*Contam rElec
                  | Int+6 Stlth+} (You found it on level 5 of the Dungeon)
  6407 | D:6      | Noticed Menkaure
  6791 | D:6      | Reached skill level 8 in Axes
  6791 | D:6      | Reached skill level 3 in Invocations
  6855 | D:6      | Reached XP level 8. HP: 67/71 MP: 10/10
  6933 | D:6      | Found a radiant altar of Vehumet.
  6949 | D:6      | Reached skill level 5 in Fighting
  7000 | D:6      | Killed Menkaure
  7001 | D:6      | Reached skill level 4 in Invocations
  7094 | D:6      | Reached **** piety under Lugonu
  7296 | D:6      | Found Vean's Assorted Antiques.
  7351 | D:6      | Reached skill level 9 in Axes
  7549 | D:6      | Found a white marble altar of Elyvilon.
  7908 | D:6      | Bought a cloak for 85 gold pieces
  7923 | D:7      | Noticed Harold
  7942 | D:7      | Reached skill level 5 in Invocations
  7942 | D:7      | HP: 5/111 [Harold/+0 hand axe (8)]
  7946 | D:7      | Killed Harold
  7947 | D:7      | Reached skill level 6 in Fighting
  7947 | D:7      | Reached skill level 10 in Axes
  7947 | D:7      | Reached XP level 9. HP: 5/83 MP: 11/13
  8339 | D:7      | Found a shimmering blue altar of Sif Muna.
  8362 | D:7      | Reached skill level 6 in Invocations
  8676 | D:7      | Found a runed translucent door.
  8676 | D:7      | Noticed Borgoz's ghost (novice HaFi)
  9412 | D:7      | Killed Borgoz's ghost
  9413 | D:7      | Reached skill level 7 in Fighting
  9413 | D:7      | Reached skill level 11 in Axes
  9655 | D:8      | Noticed a troll
  9768 | D:8      | Reached skill level 7 in Invocations
 10026 | D:8      | Reached XP level 10. HP: 92/92 MP: 15/15
 10898 | D:9      | Found an iron altar of Okawaru.
 10899 | D:9      | Found a burning altar of Makhleb.
 10982 | D:9      | Found a shadowy altar of Dithmenos.
 10990 | D:9      | Noticed Erolcha
 11001 | D:9      | Slain by Erolcha

Vanquished Creatures
  Harold (D:7)
  The ghost of Borgoz the Slasher, a novice HaFi (D:7)
  2 centaur zombies (D:6)
  Menkaure (D:6)
  3 ice beasts
  4 sky beasts
  A black bear (D:6)
  A phantom (D:5)
  3 ogres
  3 centaurs
  2 big kobolds
  3 bullfrogs
  A water moccasin skeleton (D:7)
  A jelly (D:5)
  4 hounds
  5 orc wizards
  3 bullfrog skeletons
  A centaur skeleton (D:5)
  3 iguanas
  6 worker ants
  3 hound skeletons
  A howler monkey zombie (D:7)
  4 gnolls (D:5)
  10 adders
  3 shadow imps
  2 white imps
  An ufetubus (D:8)
  An ooze (D:1)
  3 adder skeletons
  An adder zombie (D:5)
  2 worms
  8 leopard geckos
  17 orcs
  6 giant cockroaches
  10 goblins
  2 hobgoblins
  19 jackals
  3 quokkas
  A ball python (D:7)
  6 bats (D:1)
  A frilled lizard (D:2)
  8 kobolds
  A quokka skeleton (D:5)
  9 rats
171 creatures vanquished.

Vanquished Creatures (others)
  10 plants (D:6)
10 creatures vanquished.

Grand Total: 181 creatures vanquished
